[Event "22nd ETCC Women 2019"]
[Site "Batumi"]
[Date "2019.10.28"]
[Round "5.2"]
[White "Pipia, Ekaterine"]
[Black "Avramidou, Anastasia"]
[Result "0-1"]
[ECO "D37"]
[WhiteElo "1935"]
[BlackElo "2247"]
[Annotator "NA"]
[PlyCount "106"]
[EventDate "2019.10.24"]
[EventType "team-tourn"]
[EventCountry "GEO"]
[SourceTitle "playchess.com"]
[Source "ChessBase"]
[SourceQuality "1"]
[WhiteTeam "Georgia"]
[BlackTeam "Greece"]
[WhiteTeamCountry "GEO"]
[BlackTeamCountry "GRE"]
[TimeControl "40/5400+30:1800+30"]

1. d4 d5 2. c4 e6 3. Nf3 Nf6 4. Nc3 a6 5. cxd5 exd5 6. Bg5 Be6 7. e3 Nbd7 8. Bd3 h6 9. Bh4 g5 10. Bg3 Nh5 11. Be5 Ng7 12. h3 c6 13. Bh2 Bf5 14. O-O Bxd3 15. Qxd3 Be7 16. e4 dxe4 17. Nxe4 O-O 18. d5 f5 19. d6 fxe4 20. Qc4+ Rf7 21. dxe7 Qxe7 22. Rfe1 Re8 23. Rad1 Qe6 24. Qc2 Nf5 25. g4 Ng7 26. Rd6 Qe7 27. Rxd7 Qxd7 28. Ne5 Qe6 29. Nxf7 Kxf7 30. Qc5 Qd5 31. Qb4 Re7 32. Bd6 a5 33. Qa3 Rd7 34. Bc5 Ne6 35. Bb6 Nf4 36. Qxa5 Nxh3+ 37. Kh2 Qxa5 38. Bxa5 Nxf2 39. Rf1 e3 40. Be1 Rd1 41. Kg2 Kg6 42. Bxf2 Rxf1 43. Kxf1 exf2 44. Kxf2 h5 45. gxh5+ Kxh5 46. Kg3 c5 47. b3 g4 48. Kf2 Kh4 49. Kg2 g3 50. Kg1 Kh3 51. Kh1 b5 52. Kg1 c4 53. a4 cxb3 0-1

[Event "22nd ETCC Women 2019"]
[Site "Batumi"]
[Date "2019.10.28"]
[Round "5.3"]
[White "Gunina, Valentina"]
[Black "Lazarne Vajda, Szidonia"]
[Result "1-0"]
[ECO "B38"]
[WhiteElo "2509"]
[BlackElo "2353"]
[Annotator "ChessBase"]
[PlyCount "53"]
[EventDate "2019.10.24"]
[EventType "team-tourn"]
[EventCountry "GEO"]
[SourceTitle "playchess.com"]
[Source "ChessBase"]
[SourceQuality "1"]
[WhiteTeam "Russia"]
[BlackTeam "Hungary"]
[WhiteTeamCountry "RUS"]
[BlackTeamCountry "HUN"]
[TimeControl "40/5400+30:1800+30"]

1. e4 c5 2. Nf3 Nc6 3. d4 cxd4 4. Nxd4 g6 5. c4 Bg7 6. Be3 Nf6 7. f3 O-O 8. Nc3 d6 9. Qd2 Bd7 10. Be2 Qa5 11. O-O Rfc8 12. Rac1 Nxd4 13. Bxd4 Ne8 14. Be3 Be6 15. b3 a6 16. f4 Bxc3 17. Rxc3 Nf6 18. Bd3 b5 19. f5 Bd7 20. Bd4 bxc4 21. fxg6 hxg6 22. Bxc4 Bb5 23. Qh6 Bxc4 24. Rh3 Qh5 25. Rxh5 gxh5 26. Rxf6 exf6 27. Bxf6 1-0

[Event "22nd ETCC Women 2019"]
[Site "Batumi"]
[Date "2019.10.28"]
[Round "5.3"]
[White "Makropoulou, Marina"]
[Black "Donghvani, Nia"]
[Result "1/2-1/2"]
[ECO "B51"]
[WhiteElo "2201"]
[BlackElo "1903"]
[Annotator "NA"]
[PlyCount "100"]
[EventDate "2019.10.24"]
[EventType "team-tourn"]
[EventCountry "GEO"]
[SourceTitle "playchess.com"]
[Source "ChessBase"]
[SourceQuality "1"]
[WhiteTeam "Greece"]
[BlackTeam "Georgia"]
[WhiteTeamCountry "GRE"]
[BlackTeamCountry "GEO"]
[TimeControl "40/5400+30:1800+30"]

1. e4 c5 2. Nf3 d6 3. Bb5+ Nd7 4. d4 cxd4 5. Nxd4 Ngf6 6. O-O a6 7. Bxd7+ Bxd7 8. Re1 e5 9. Nf5 Nxe4 10. Nxg7+ Bxg7 11. Rxe4 Bf5 12. Re1 O-O 13. Nc3 Rc8 14. a4 Qd7 15. Be3 Rc4 16. Re2 Rg4 17. Rd2 Rg6 18. f3 Re8 19. Ne4 Bxe4 20. fxe4 Qg4 21. Qxg4 Rxg4 22. Rxd6 Rxe4 23. Bd2 Rc4 24. c3 e4 25. Be3 Be5 26. Rd7 b5 27. axb5 axb5 28. Raa7 f5 29. g3 b4 30. Bd4 Bxd4+ 31. cxd4 Rc1+ 32. Kg2 Rc2+ 33. Kh3 Rxb2 34. Rg7+ Kh8 35. Rxh7+ Kg8 36. Rag7+ Kf8 37. Rf7+ Kg8 38. Rhg7+ Kh8 39. Rh7+ Kg8 40. Rfg7+ Kf8 41. d5 Rd2 42. Rd7 Kg8 43. d6 Rxd6 44. Rhg7+ Kh8 45. Rh7+ Kg8 46. Rdg7+ Kf8 47. Rf7+ Kg8 48. Rfg7+ Kf8 49. Rf7+ Kg8 50. Rfg7+ Kf8 1/2-1/2

[Event "22nd ETCC Women 2019"]
[Site "Batumi"]
[Date "2019.10.28"]
[Round "5.4"]
[White "Gara, Ticia"]
[Black "Kashlinskaya, Alina"]
[Result "1/2-1/2"]
[ECO "C07"]
[WhiteElo "2322"]
[BlackElo "2481"]
[Annotator "ChessBase"]
[PlyCount "83"]
[EventDate "2019.10.24"]
[EventType "team-tourn"]
[EventCountry "GEO"]
[SourceTitle "playchess.com"]
[Source "ChessBase"]
[SourceQuality "1"]
[WhiteTeam "Hungary"]
[BlackTeam "Russia"]
[WhiteTeamCountry "HUN"]
[BlackTeamCountry "RUS"]
[TimeControl "40/5400+30:1800+30"]

1. e4 e6 2. d4 d5 3. Nd2 c5 4. exd5 Qxd5 5. Ngf3 cxd4 6. Bc4 Qd7 7. O-O Nc6 8. Nb3 Nf6 9. Nbxd4 Nxd4 10. Nxd4 a6 11. Re1 Qc7 12. Bf1 Be7 13. Qf3 O-O 14. Bf4 Bd6 15. Bxd6 Qxd6 16. Rad1 Qc7 17. Qg3 Qb6 18. b3 Bd7 19. Nf3 Bc6 20. Ne5 Rad8 21. Nxc6 Qxc6 22. c4 h6 23. Be2 Qc5 24. Qe3 Qb4 25. Bf3 a5 26. Qa7 Rd7 27. Kf1 Rfd8 28. Rxd7 Rxd7 29. g3 b6 30. Qb8+ Kh7 31. Rd1 Rxd1+ 32. Bxd1 Qd2 33. Bf3 Qd4 34. Qb7 Kg6 35. h4 h5 36. Kg2 e5 37. Bd5 Nxd5 38. cxd5 Qe4+ 39. Kh2 Qd4 40. Kg2 Qe4+ 41. Kh2 Qd4 42. Kg2 1/2-1/2

[Event "22nd ETCC Women 2019"]
[Site "Batumi"]
[Date "2019.10.28"]
[Round "5.4"]
[White "Lomaia, Diana"]
[Black "Makka, Ioulia"]
[Result "1/2-1/2"]
[ECO "A40"]
[WhiteElo "1861"]
[BlackElo "2048"]
[Annotator "NA RC"]
[PlyCount "118"]
[EventDate "2019.10.24"]
[EventType "team-tourn"]
[EventCountry "GEO"]
[SourceTitle "playchess.com"]
[Source "ChessBase"]
[SourceQuality "1"]
[WhiteTeam "Georgia"]
[BlackTeam "Greece"]
[WhiteTeamCountry "GEO"]
[BlackTeamCountry "GRE"]
[TimeControl "40/5400+30:1800+30"]

1. d4 Nf6 2. c4 e6 3. g3 Bb4+ 4. Bd2 Qe7 5. Nf3 O-O 6. Bg2 Nc6 7. Nc3 Bxc3 8. Bxc3 Ne4 9. Rc1 d5 10. O-O b6 11. Qb3 Nxc3 12. Qxc3 Bb7 13. Rfd1 Nb4 14. Qb3 dxc4 15. Rxc4 a5 16. Ne5 Bxg2 17. Kxg2 Qd6 18. a3 Na6 19. Rc6 Qe7 20. Qf3 Rad8 21. Rc3 Rd6 22. Nc6 Qd7 23. b4 axb4 24. axb4 Nb8 25. Ne5 Qa4 26. Rdc1 Na6 27. Nc6 Qb5 28. Qd3 Qxd3 29. Rxd3 Rxc6 30. Rxc6 Nxb4 31. Rxc7 Nxd3 32. exd3 Rb8 33. Rc4 b5 34. Rb4 Kf8 35. Kf3 Ke7 36. Ke4 Kd6 37. f4 f5+ 38. Ke3 Kc6 39. Kd2 Ra8 40. Rb2 Ra4 41. Kc3 Ra3+ 42. Kd2 Kb6 43. Ke3 Ka5 44. Rc2 b4 45. Rc8 Rc3 46. Ra8+ Kb5 47. d5 exd5 48. Kd4 Ra3 49. Rc8 Ka4 50. Rc7 Kb3 51. Kxd5 Ka2 52. Rc2+ Kb1 53. Rf2 b3 54. Ke6 Ra2 55. Rf1+ Kc2 56. d4 b2 57. d5 Kc3 58. Rb1 Ra1 59. Rxb2 Kxb2 1/2-1/2

[Event "22nd ETCC Women 2019"]
[Site "Batumi"]
[Date "2019.10.28"]
[Round "5.5"]
[White "Shvayger, Yuliya"]
[Black "Worek, Joanna"]
[Result "1-0"]
[ECO "C48"]
[WhiteElo "2336"]
[BlackElo "2319"]
[Annotator "NA RC"]
[PlyCount "117"]
[EventDate "2019.10.24"]
[EventType "team-tourn"]
[EventCountry "GEO"]
[SourceTitle "playchess.com"]
[Source "ChessBase"]
[SourceQuality "1"]
[WhiteTeam "Israel"]
[BlackTeam "Czech Republic"]
[WhiteTeamCountry "ISR"]
[BlackTeamCountry "CZE"]
[TimeControl "40/5400+30:1800+30"]

1. e4 e5 2. Nf3 Nc6 3. Nc3 Nf6 4. Bb5 Nd4 5. Nxd4 exd4 6. Nd5 Nxd5 7. exd5 Qe7+ 8. Qe2 Qxe2+ 9. Bxe2 Bc5 10. Bf3 O-O 11. O-O Re8 12. d3 d6 13. Bd2 a5 14. a3 Bd7 15. g4 a4 16. Kg2 Bb6 17. Rac1 Kf8 18. Kg3 Re5 19. h4 Be8 20. Be4 Kg8 21. Rfe1 Bd7 22. f4 Ree8 23. f5 Ba5 24. c3 c5 25. Bf4 dxc3 26. bxc3 Ra6 27. Rb1 b5 28. Bd2 Rb6 29. Rb2 Reb8 30. Reb1 f6 31. Kf4 Kf7 32. g5 R6b7 33. Bf3 fxg5+ 34. hxg5 Kg8 35. Be4 Rf8 36. Rf1 Be8 37. Kg3 Rbf7 38. Rf3 Bd7 39. Rb1 Re8 40. Rh1 c4 41. f6 gxf6 42. Rxf6 Rg7 43. Kf3 cxd3 44. Bxd3 Re5 45. Rxd6 Bc7 46. Bxh7+ Rxh7 47. Rxh7 Bxd6 48. Rxd7 Bxa3 49. Kf4 Re2 50. Be3 Bf8 51. Bd4 a3 52. Ra7 Re7 53. Ra8 Rf7+ 54. Kg4 Kh7 55. Kh5 Rf5 56. Bf6 a2 57. Rxa2 Rxd5 58. Ra8 Kg8 59. Be7 1-0

[Event "22nd ETCC Women 2019"]
[Site "Batumi"]
[Date "2019.10.28"]
[Round "5.6"]
[White "Danielian, Elina"]
[Black "Javakhishvili, Lela"]
[Result "0-1"]
[ECO "A30"]
[WhiteElo "2385"]
[BlackElo "2457"]
[Annotator "ChessBase"]
[PlyCount "58"]
[EventDate "2019.10.24"]
[EventType "team-tourn"]
[EventCountry "GEO"]
[SourceTitle "playchess.com"]
[Source "ChessBase"]
[SourceQuality "1"]
[WhiteTeam "Armenia"]
[BlackTeam "Georgia"]
[WhiteTeamCountry "ARM"]
[BlackTeamCountry "GEO"]
[TimeControl "40/5400+30:1800+30"]

1. c4 c5 2. Nf3 Nc6 3. Nc3 g6 4. e3 Nf6 5. d4 cxd4 6. exd4 d5 7. cxd5 Nxd5 8. Qb3 e6 9. Bb5 Bg7 10. Bg5 f6 11. Bd2 O-O 12. O-O g5 13. h3 Nce7 14. Rfe1 h5 15. Nxd5 Nxd5 16. Bc4 Qd6 17. Rac1 Bd7 18. Bxd5 Qxd5 19. Qxd5 exd5 20. Rc7 Bc6 21. Ree7 Bh8 22. h4 g4 23. Ne1 Rfe8 24. Nd3 Rxe7 25. Rxe7 Re8 26. Rc7 f5 27. Nf4 Bxd4 28. Bc3 g3 29. Nd3 Bxc3 0-1

[Event "22nd ETCC Women 2019"]
[Site "Batumi"]
[Date "2019.10.28"]
[Round "5.6"]
[White "Olsarova, Karolina"]
[Black "Efroimski, Marsel"]
[Result "0-1"]
[ECO "B30"]
[WhiteElo "2294"]
[BlackElo "2317"]
[Annotator "NA"]
[PlyCount "58"]
[EventDate "2019.10.24"]
[EventType "team-tourn"]
[EventCountry "GEO"]
[SourceTitle "playchess.com"]
[Source "ChessBase"]
[SourceQuality "1"]
[WhiteTeam "Czech Republic"]
[BlackTeam "Israel"]
[WhiteTeamCountry "CZE"]
[BlackTeamCountry "ISR"]
[TimeControl "40/5400+30:1800+30"]

1. e4 c5 2. Nf3 Nc6 3. Bb5 e5 4. O-O Bd6 5. c3 a6 6. Ba4 b5 7. Bc2 Nge7 8. a4 b4 9. d3 O-O 10. Nbd2 Bc7 11. Nc4 Bb7 12. Re1 d5 13. exd5 Nxd5 14. Ncxe5 Nxe5 15. Nxe5 bxc3 16. d4 Nb4 17. Bb3 c2 18. Qh5 Bd5 19. Ra3 Bxe5 20. dxe5 Bxb3 21. Rxb3 Nd3 22. e6 Nxe1 23. Rh3 h6 24. Bxh6 Qd1 25. g4 f5 26. Rg3 Nf3+ 27. Kg2 c1=Q 28. Bxc1 Qxc1 29. gxf5 Qg1+ 0-1

[Event "22nd ETCC Women 2019"]
[Site "Batumi"]
[Date "2019.10.28"]
[Round "5.7"]
[White "Khotenashvili, Bela"]
[Black "Gevorgyan, Maria"]
[Result "1-0"]
[ECO "D20"]
[WhiteElo "2446"]
[BlackElo "2260"]
[Annotator "NA"]
[PlyCount "85"]
[EventDate "2019.10.24"]
[EventType "team-tourn"]
[EventCountry "GEO"]
[SourceTitle "playchess.com"]
[Source "ChessBase"]
[SourceQuality "1"]
[WhiteTeam "Georgia"]
[BlackTeam "Armenia"]
[WhiteTeamCountry "GEO"]
[BlackTeamCountry "ARM"]
[TimeControl "40/5400+30:1800+30"]

1. d4 d5 2. c4 dxc4 3. e4 e5 4. Nf3 exd4 5. Bxc4 Nc6 6. O-O Bc5 7. Qb3 Qd7 8. Bd2 Nh6 9. Rc1 Bb6 10. a4 a6 11. a5 Ba7 12. Bf4 O-O 13. Nbd2 Nd8 14. Bxh6 gxh6 15. e5 Qg4 16. Re1 Qg7 17. Ne4 Nc6 18. Nf6+ Kh8 19. Nh5 Qg6 20. Ng3 Rb8 21. Bd3 Qg8 22. Qd1 Bg4 23. h3 Be6 24. Qd2 f5 25. Qxh6 Nb4 26. Rad1 Qg6 27. Qf4 Nd5 28. Qc1 Qg8 29. Kh2 f4 30. Ne4 Qg7 31. Neg5 Bg8 32. Bb1 c5 33. e6 h6 34. Re5 Ne7 35. Ne4 Ng6 36. Rh5 Bxe6 37. Nxc5 Rbc8 38. Nxe6 Rxc1 39. Rxc1 Qh7 40. Nxf8 Qf7 41. Rxh6+ Kg8 42. Rxg6+ Kxf8 43. Rc8+ 1-0

[Event "22nd ETCC Women 2019"]
[Site "Batumi"]
[Date "2019.10.28"]
[Round "5.7"]
[White "Lahav, Michal"]
[Black "Petrova, Kristyna"]
[Result "1-0"]
[ECO "A05"]
[WhiteElo "2221"]
[BlackElo "2259"]
[Annotator "NA RC"]
[PlyCount "127"]
[EventDate "2019.10.24"]
[EventType "team-tourn"]
[EventCountry "GEO"]
[SourceTitle "playchess.com"]
[Source "ChessBase"]
[SourceQuality "1"]
[WhiteTeam "Israel"]
[BlackTeam "Czech Republic"]
[WhiteTeamCountry "ISR"]
[BlackTeamCountry "CZE"]
[TimeControl "40/5400+30:1800+30"]

1. Nf3 Nf6 2. g3 d5 3. c4 g6 4. b3 c6 5. Bb2 Bg7 6. Bg2 O-O 7. O-O a5 8. Qc2 a4 9. d3 Na6 10. Nbd2 axb3 11. axb3 Nb4 12. Qb1 Bg4 13. h3 Bxf3 14. Nxf3 Rxa1 15. Qxa1 Na6 16. Qa4 e6 17. b4 Nd7 18. Bxg7 Kxg7 19. b5 Nac5 20. Qa7 Qb8 21. Qa1+ Kg8 22. Rb1 Qc8 23. Nd2 dxc4 24. Nxc4 cxb5 25. Rxb5 b6 26. Nxb6 Nxb6 27. Rxb6 Qd8 28. Rb5 Nd7 29. h4 h5 30. Bf3 Qf6 31. d4 Rd8 32. Kg2 Nf8 33. e3 Qe7 34. Qa5 Nh7 35. Rb7 Rd7 36. Rb8+ Kg7 37. Ra8 Qd6 38. Rc8 Nf6 39. Rc6 Qb8 40. Qc5 Rd8 41. Rxe6 fxe6 42. Qe7+ Kh6 43. Qxf6 Rf8 44. Qxe6 Qd8 45. Be4 Rf6 46. Qe5 Qf8 47. Kg1 Kg7 48. Qc7+ Rf7 49. Qe5+ Rf6 50. Kh2 Qb4 51. Kg2 Qf8 52. f4 Qb4 53. Bd5 Qf8 54. Kh2 Kh6 55. Be6 Kg7 56. d5 Qb4 57. Bh3 Kf7 58. e4 Qd2+ 59. Bg2 Qd3 60. Qc7+ Kf8 61. e5 Ra6 62. e6 Kg8 63. Qf7+ Kh8 64. e7 1-0

[Event "22nd ETCC Women 2019"]
[Site "Batumi"]
[Date "2019.10.28"]
[Round "5.8"]
[White "Sikorova, Olga"]
[Black "Nesterovskaya, Anzhelika"]
[Result "0-1"]
[ECO "A10"]
[WhiteElo "2234"]
[BlackElo "2124"]
[Annotator "NA"]
[PlyCount "94"]
[EventDate "2019.10.24"]
[EventType "team-tourn"]
[EventCountry "GEO"]
[SourceTitle "playchess.com"]
[Source "ChessBase"]
[SourceQuality "1"]
[WhiteTeam "Czech Republic"]
[BlackTeam "Israel"]
[WhiteTeamCountry "CZE"]
[BlackTeamCountry "ISR"]
[TimeControl "40/5400+30:1800+30"]

1. c4 f5 2. Nc3 Nf6 3. g3 g6 4. Bg2 Bg7 5. d3 O-O 6. Nf3 d6 7. O-O e5 8. Bd2 h6 9. b4 Nc6 10. b5 Ne7 11. Rc1 g5 12. Ne1 f4 13. Nc2 Qe8 14. Nb4 c6 15. bxc6 bxc6 16. Ne4 Nxe4 17. Bxe4 Bh3 18. Bg2 Bxg2 19. Kxg2 g4 20. f3 fxg3 21. hxg3 gxf3+ 22. exf3 Qg6 23. Qe2 a5 24. Nc2 Nf5 25. g4 d5 26. Rh1 Nd6 27. c5 Nf7 28. Ne3 Nd8 29. Rh5 Ne6 30. Nc2 Rf7 31. Rch1 Raf8 32. Rxh6 Bxh6 33. Rxh6 Qg7 34. Rxe6 Rxf3 35. g5 Qh7 36. Rh6 Rf2+ 37. Qxf2 Rxf2+ 38. Kxf2 Qxd3 39. Ke1 Qxc2 40. Rxc6 Qb1+ 41. Kf2 Qxa2 42. Ke1 Qb1+ 43. Kf2 Qf5+ 44. Ke1 d4 45. Rb6 d3 46. Rf6 Qg4 47. Rf2 Qe4+ 0-1

[Event "22nd ETCC Women 2019"]
[Site "Batumi"]
[Date "2019.10.28"]
[Round "5.9"]
[White "Rapport, Jovana"]
[Black "Ushenina, Anna"]
[Result "1-0"]
[ECO "D39"]
[WhiteElo "2379"]
[BlackElo "2431"]
[Annotator "NA"]
[PlyCount "93"]
[EventDate "2019.10.24"]
[EventType "team-tourn"]
[EventCountry "GEO"]
[SourceTitle "playchess.com"]
[Source "ChessBase"]
[SourceQuality "1"]
[WhiteTeam "Serbia"]
[BlackTeam "Ukraine"]
[WhiteTeamCountry "SRB"]
[BlackTeamCountry "UKR"]
[TimeControl "40/5400+30:1800+30"]

1. d4 Nf6 2. Nf3 d5 3. c4 e6 4. Bg5 Bb4+ 5. Nc3 dxc4 6. e4 h6 7. Bxf6 Qxf6 8. Bxc4 c5 9. O-O O-O 10. e5 Qd8 11. Qe2 cxd4 12. Rad1 Bxc3 13. bxc3 Qc7 14. cxd4 Nc6 15. Qe4 Nb4 16. Rc1 Qc6 17. Qg4 b5 18. Bb3 Qd7 19. Nd2 Bb7 20. Rc3 Rad8 21. Rg3 f5 22. Bxe6+ Kh8 23. Qg6 Qe7 24. Bxf5 Rxf5 25. Qxf5 Rxd4 26. a3 Nd5 27. Nf3 Ra4 28. e6 Rf4 29. Qe5 Rf6 30. Nd4 Nf4 31. Nf5 Qxe6 32. Qxf4 Rxf5 33. Qb8+ Qc8 34. Qxa7 Qc6 35. Qe3 Qf6 36. h3 Kh7 37. Rc1 Re5 38. Qa7 Re7 39. Qc5 Re5 40. Qa7 Re7 41. Qc5 Re5 42. Qc3 Be4 43. Re1 h5 44. h4 Qf4 45. Rge3 Rf5 46. Rxe4 Qxf2+ 47. Kh2 1-0

[Event "22nd ETCC Women 2019"]
[Site "Batumi"]
[Date "2019.10.28"]
[Round "5.9"]
[White "Repkova, Eva"]
[Black "Nazarova, Anastasia"]
[Result "0-1"]
[ECO "A45"]
[WhiteElo "2315"]
[BlackElo "2147"]
[Annotator "NA RC"]
[PlyCount "62"]
[EventDate "2019.10.24"]
[EventType "team-tourn"]
[EventCountry "GEO"]
[SourceTitle "playchess.com"]
[Source "ChessBase"]
[SourceQuality "1"]
[WhiteTeam "Slovakia"]
[BlackTeam "Finland"]
[WhiteTeamCountry "SVK"]
[BlackTeamCountry "FIN"]
[TimeControl "40/5400+30:1800+30"]

1. d4 Nf6 2. Bf4 d5 3. e3 c5 4. c3 Nc6 5. Nf3 Qb6 6. Qb3 c4 7. Qc2 Bf5 8. Qc1 e6 9. Be2 Be7 10. h3 h6 11. Nbd2 Qa5 12. Ne5 Nxe5 13. Bxe5 O-O 14. O-O Rfc8 15. f3 b5 16. e4 Bg6 17. a3 Qb6 18. Bxf6 Bxf6 19. exd5 exd5 20. f4 Re8 21. Qd1 Bc2 22. Qxc2 Rxe2 23. Kh1 Rae8 24. Qc1 Bh4 25. Nf3 Qg6 26. Nxh4 Qg3 27. Rg1 Qxh4 28. Qf1 R8e3 29. g3 Qe7 30. Qb1 Rd3 31. Rg2 Qe4 0-1

[Event "22nd ETCC Women 2019"]
[Site "Batumi"]
[Date "2019.10.28"]
[Round "5.10"]
[White "Puuska, Heini"]
[Black "Movsesian, Julia"]
[Result "0-1"]
[ECO "A46"]
[WhiteElo "1992"]
[BlackElo "2307"]
[Annotator "NA"]
[PlyCount "94"]
[EventDate "2019.10.24"]
[EventType "team-tourn"]
[EventCountry "GEO"]
[SourceTitle "playchess.com"]
[Source "ChessBase"]
[SourceQuality "1"]
[WhiteTeam "Finland"]
[BlackTeam "Slovakia"]
[WhiteTeamCountry "FIN"]
[BlackTeamCountry "SVK"]
[TimeControl "40/5400+30:1800+30"]

1. d4 Nf6 2. Nf3 d6 3. Nbd2 Nbd7 4. e4 e5 5. c3 Be7 6. Bd3 O-O 7. O-O c6 8. Re1 Qc7 9. Nf1 Re8 10. Ne3 g6 11. Nc4 b5 12. dxe5 dxe5 13. Ncd2 Nc5 14. Nb3 Nxd3 15. Qxd3 Bg4 16. h3 Rad8 17. Qe2 Be6 18. Nbd2 Nh5 19. b3 Nf4 20. Qf1 Bc5 21. Ng5 Bc8 22. g3 Nd3 23. Re2 Qe7 24. Ngf3 Qf6 25. Qg2 Rd6 26. Kh2 Red8 27. Nf1 Nxc1 28. Rxc1 h5 29. Rcc2 Be6 30. Ne3 a5 31. Red2 Rxd2 32. Rxd2 Rxd2 33. Nxd2 Qd8 34. Nf3 Qd3 35. Qf1 Qxc3 36. Qd1 Bxe3 37. fxe3 Qxe3 38. Nxe5 Qf2+ 39. Kh1 Qxg3 40. Nxc6 Qxh3+ 41. Kg1 Qg3+ 42. Kh1 Qh3+ 43. Kg1 Qe3+ 44. Kh2 Qf2+ 45. Kh1 Bg4 46. Qd8+ Kh7 47. Nd4 Bh3 0-1

[Event "22nd ETCC Women 2019"]
[Site "Batumi"]
[Date "2019.10.28"]
[Round "5.11"]
[White "Cibickova, Zuzana"]
[Black "Dannenberg, Alia"]
[Result "1-0"]
[ECO "B36"]
[WhiteElo "2258"]
[BlackElo "1902"]
[Annotator "NA"]
[PlyCount "69"]
[EventDate "2019.10.24"]
[EventType "team-tourn"]
[EventCountry "GEO"]
[SourceTitle "playchess.com"]
[Source "ChessBase"]
[SourceQuality "1"]
[WhiteTeam "Slovakia"]
[BlackTeam "Finland"]
[WhiteTeamCountry "SVK"]
[BlackTeamCountry "FIN"]
[TimeControl "40/5400+30:1800+30"]

1. e4 c5 2. Nf3 Nc6 3. d4 cxd4 4. Nxd4 g6 5. c4 Nf6 6. Nc3 d6 7. Be2 Nxd4 8. Qxd4 Bg7 9. Qd3 O-O 10. Be3 Be6 11. Bd4 Nd7 12. Bxg7 Kxg7 13. b3 Qa5 14. O-O a6 15. f4 f5 16. exf5 Bxf5 17. Qd4+ Kg8 18. Nd5 Rf7 19. b4 Qd8 20. Bf3 Nf6 21. Nxf6+ Rxf6 22. Bxb7 Rb8 23. b5 axb5 24. cxb5 Be6 25. Bc6 Qa5 26. a4 Rbf8 27. b6 Rxf4 28. Rxf4 Rxf4 29. Qxf4 Qxb6+ 30. Qf2 Qxc6 31. a5 Bc4 32. Qb6 Qe4 33. a6 Bd5 34. Qf2 Kg7 35. Re1 1-0

[Event "22nd ETCC Women 2019"]
[Site "Batumi"]
[Date "2019.10.28"]
[Round "5.12"]
[White "Zhukova, Natalia"]
[Black "Velikic, Adela"]
[Result "1/2-1/2"]
[ECO "A11"]
[WhiteElo "2333"]
[BlackElo "2275"]
[Annotator "RC"]
[PlyCount "130"]
[EventDate "2019.10.24"]
[EventType "team-tourn"]
[EventCountry "GEO"]
[SourceTitle "playchess.com"]
[Source "ChessBase"]
[SourceQuality "1"]
[WhiteTeam "Ukraine"]
[BlackTeam "Serbia"]
[WhiteTeamCountry "UKR"]
[BlackTeamCountry "SRB"]
[TimeControl "40/5400+30:1800+30"]

1. c4 c6 2. Nf3 d5 3. e3 Nf6 4. Nc3 e6 5. b3 Bd6 6. Bb2 O-O 7. d4 Ne4 8. Nxe4 dxe4 9. Nd2 f5 10. Qc2 c5 11. a3 b6 12. Nxe4 fxe4 13. Qxe4 Qc7 14. Bd3 g6 15. h4 Qf7 16. O-O-O Bb7 17. Qg4 h5 18. Qg5 Be7 19. Qg3 Kh7 20. Qe5 Kh6 21. d5 Bf6 22. Qxf6 Qxf6 23. Bxf6 Rxf6 24. e4 Nd7 25. f3 Ne5 26. Bc2 Raf8 27. Kd2 Rd8 28. Kc3 Nf7 29. Rd2 e5 30. Bd1 Nd6 31. Be2 Rdf8 32. a4 a6 33. Rb2 Rc8 34. Kd2 Rc7 35. Ke3 Bc8 36. Rhb1 Bd7 37. g3 Rf8 38. b4 Nc8 39. f4 Re8 40. a5 bxa5 41. bxc5 exf4+ 42. Kd4 fxg3 43. Rg1 Ne7 44. Rxg3 Rec8 45. c6 Bxc6 46. dxc6 Nxc6+ 47. Ke3 Ne5 48. Rg5 Nxc4+ 49. Bxc4 Rxc4 50. Rb6 Rc3+ 51. Kd2 R8c6 52. Rxc6 Rxc6 53. Rxa5 Kg7 54. Kd3 Rf6 55. Ke3 Kf7 56. Ra1 Ke7 57. Kd4 Rb6 58. Ra5 Kf6 59. Ra1 Rd6+ 60. Ke3 Rb6 61. Kf4 Ke6 62. Ra2 Kd6 63. Ra1 Ke6 64. Ra2 Kd6 65. Ra1 Ke6 1/2-1/2

[Event "22nd ETCC Women 2019"]
[Site "Batumi"]
[Date "2019.10.28"]
[Round "5.12"]
[White "Lehtinen, Helja"]
[Black "Motycakova, Monika"]
[Result "0-1"]
[ECO "E45"]
[WhiteElo "1802"]
[BlackElo "2126"]
[Annotator "NA"]
[PlyCount "114"]
[EventDate "2019.10.24"]
[EventType "team-tourn"]
[EventCountry "GEO"]
[SourceTitle "playchess.com"]
[Source "ChessBase"]
[SourceQuality "1"]
[WhiteTeam "Finland"]
[BlackTeam "Slovakia"]
[WhiteTeamCountry "FIN"]
[BlackTeamCountry "SVK"]
[TimeControl "40/5400+30:1800+30"]

1. d4 Nf6 2. c4 e6 3. Nc3 Bb4 4. e3 b6 5. Nge2 Ba6 6. a3 Be7 7. Ng3 d5 8. cxd5 Bxf1 9. Nxf1 exd5 10. Ng3 Qd7 11. O-O O-O 12. Qc2 Re8 13. b4 c6 14. Bb2 a5 15. Na4 Qa7 16. Bc3 axb4 17. axb4 Qb7 18. Qb3 Nbd7 19. Bb2 Bf8 20. Nc3 b5 21. Rfc1 Nb6 22. Nf1 Nc4 23. Rd1 Qe7 24. Rxa8 Rxa8 25. Na2 Ra4 26. Ra1 Qa7 27. Bc3 Ne4 28. Be1 Bd6 29. f3 Nf6 30. Bc3 h6 31. Qb1 Qe7 32. Qe1 Ra3 33. Kh1 Qa7 34. Qb1 Qa4 35. Kg1 Nd7 36. Kh1 Nb8 37. e4 Na6 38. exd5 cxd5 39. Kg1 Nxb4 40. Nxb4 Rxa1 41. Qxa1 Qxa1 42. Bxa1 Bxb4 43. Kf2 Bd6 44. Ke2 Kf8 45. h3 Ke7 46. Ne3 Ke6 47. Kd3 Nxe3 48. Kxe3 Kf5 49. Bb2 Be7 50. Ke2 Kf4 51. Kf2 Bh4+ 52. Ke2 Kg3 53. Kf1 b4 54. Bc1 Bg5 55. Bb2 h5 56. Kg1 Bd2 57. Kf1 Bc3 0-1

[Event "22nd ETCC Women 2019"]
[Site "Batumi"]
[Date "2019.10.28"]
[Round "5.13"]
[White "Brunello, Marina"]
[Black "Mammadzada, Gunay"]
[Result "1/2-1/2"]
[ECO "B90"]
[WhiteElo "2381"]
[BlackElo "2427"]
[Annotator "NA"]
[PlyCount "73"]
[EventDate "2019.10.24"]
[EventType "team-tourn"]
[EventCountry "GEO"]
[SourceTitle "playchess.com"]
[Source "ChessBase"]
[SourceQuality "1"]
[WhiteTeam "Italy"]
[BlackTeam "Azerbaijan"]
[WhiteTeamCountry "ITA"]
[BlackTeamCountry "AZE"]
[TimeControl "40/5400+30:1800+30"]

1. e4 c5 2. Nf3 d6 3. d4 cxd4 4. Nxd4 Nf6 5. Nc3 a6 6. Be3 e5 7. Nf3 Qc7 8. a4 Be6 9. a5 h6 10. Be2 Nbd7 11. O-O Qc6 12. Nd2 Be7 13. Bf3 O-O 14. Qe2 Rfc8 15. Rfd1 Bd8 16. Nf1 Rab8 17. Qd3 b5 18. Qxd6 b4 19. Qxc6 Rxc6 20. Nd5 Rxc2 21. Rd2 b3 22. Nxf6+ Nxf6 23. Bd1 Nxe4 24. Rxc2 bxc2 25. Bxc2 f5 26. Bd3 Rxb2 27. Bxa6 f4 28. Ba7 Nc3 29. Bc5 Na2 30. Bd6 Bxa5 31. Bxe5 Bc3 32. Bxc3 Nxc3 33. h4 Kf7 34. Nh2 Ra2 35. Rxa2 Nxa2 36. Bb7 Nc3 37. Nf3 1/2-1/2